 Dungeon Crawl Stone Soup version 0.23.2-1-ga50397a (webtiles) character file.

Game seed: 1492787595434258158

3087 eccles the Destroyer (level 10, -6/70 HPs)
             Began as a Human Conjurer on Apr 29, 2019.
             Was a Follower of Vehumet.
             Shot with an arrow by a centaur warrior (22 damage)
             ... on level 8 of the Dungeon on May 1, 2019.
             The game lasted 01:17:41 (11590 turns).

eccles the Destroyer (Human Conjurer)              Turns: 11590, Time: 01:17:42

Health: -6/70      AC: 11    Str:  6 (9)  XL:     10   Next: 13%
Magic:  17/20      EV: 12    Int: 21 (23) God:    Vehumet [*.....]
Gold:   432        SH:  0    Dex: 10 (13) Spells: 2/23 levels left

rFire    + . .     SeeInvis .   y - +5 war axe (venom)
rCold    . . .     Gourm    .   (no shield)
rNeg     . . .     Faith    .   x - +0 leather armour
rPois    .         Spirit   .   G - +2 helmet
rElec    .         Reflect  .   B - +1 cloak
rCorr    .         Harm     .   n - +2 pair of gloves
MR       .....                  (no boots)
Stlth    ++........             (no amulet)
HPRegen  0.21/turn              w - ring of protection from fire
MPRegen  0.17/turn              t - +4 ring of intelligence

@: no status effects
A: no striking features
a: Renounce Religion


You were on level 8 of the Dungeon.
You worshipped Vehumet.
Vehumet was aware of your devotion.
You were not hungry.

You visited 2 branches of the dungeon, and saw 9 of its levels.
You also visited: Sewer.

You collected 432 gold pieces.

Inventory:

Hand Weapons
 g - a +0 dagger
 q - a +0 hand axe
 y - a +5 war axe of venom (weapon)
Missiles
 o - 3 tomahawks (quivered)
Armour
 a - a +0 robe
 n - a +2 pair of gloves (worn)
 u - a +1 hat
 v - a +2 scale mail of cold resistance
 x - a +0 leather armour (worn)
 B - a +1 cloak (worn)
 D - a +0 buckler
 G - a +2 helmet (worn)
Jewellery
 i - a +2 ring of slaying
 t - a +4 ring of intelligence (right hand)
 w - a ring of protection from fire (left hand)
Wands
 A - a wand of disintegration (16)
 F - a wand of enslavement (6)
Scrolls
 d - a scroll of random uselessness
 h - 4 scrolls of remove curse
 j - 8 scrolls of fog
 k - 4 scrolls of magic mapping
 s - 2 scrolls of fear
 z - a scroll of immolation {unknown}
 E - a scroll of blinking {unknown}
 H - a scroll of summoning {unknown}
 I - a scroll of teleportation
Potions
 b - a potion of flight {unknown}
 e - 5 potions of curing
 f - 2 potions of degeneration
 l - a potion of magic {unknown}
 m - a potion of agility {unknown}
 p - 3 potions of might {unknown}
 r - 2 potions of brilliance {unknown}
 C - 3 potions of haste {unknown}
 J - a potion of invisibility {unknown}
 K - a potion of cancellation {unknown}
Comestibles
 c - 7 rations
 L - 7 chunks of flesh


   Skills:
 + Level 3.1 Fighting
 + Level 4.4 Axes
 + Level 0.9 Throwing
 + Level 3.3 Armour
 + Level 3.9 Dodging
 + Level 3.3 Stealth
 + Level 0.1 Unarmed Combat
 * Level 7.2 Spellcasting
 * Level 8.5 Conjurations
 + Level 0.4 Evocations


You had 2 spell levels left.
You knew the following spells:

 Your Spells              Type           Power        Failure   Level  Hunger
a - Magic Dart            Conj           ####         1%          1    None
b - Searing Ray           Conj           #####.       1%          2    None
c - Dazzling Spray        Conj/Hex       ####..       7%          3    None
d - Iskenderun's Mystic   Conj           #####...     3%          4    ###....
e - Force Lance           Conj/Tloc      ####....     22%         4    ###....
f - Fulminant Prism       Conj/Hex       ####......   22%         4    ###....
g - Conjure Flame         Conj/Fire      ####....     7%          3    None

Your spell library contained the following spells:

 Spells                   Type           Power        Failure   Level  Hunger
 Flame Tongue             Conj/Fire      ####.        2%          1    None
 Animate Skeleton         Necr           N/A          13%         1    None
 Apportation              Tloc           #.....       13%         1    None
 Beastly Appendage        Tmut           #.....       13%         1    None
 Confusing Touch          Hex            #.....       13%         1    None
 Summon Small Mammal      Summ           #...         13%         1    None
 Poisonous Vapours        Pois/Air       #.....       21%         2    None
 Sticks to Snakes         Tmut           #.......     21%         2    None
 Mephitic Cloud           Conj/Pois/Air  ###.....     12%         3    None
 Spider Form              Tmut/Pois      #.........   36%         3    None
 Ice Form                 Ice/Tmut       #.......     78%         4    ###....
 Blade Hands              Tmut           #.........   98%         5    #####..
 Freezing Cloud           Conj/Ice/Air   ###.......   99%         6    ######.
 Ring of Flames           Chrm/Fire      #.........   100%        7    #######


Dungeon Overview and Level Annotations

Branches:
Dungeon (8/15)             Temple (1/1) D:7
   Lair: D:8-11

Altars:
Ashenzari
Cheibriados
Dithmenos
Elyvilon
Fedhas
Gozag
Hepliaklqana
Kikubaaqudgha
Makhleb
Nemelex Xobeh
Okawaru
Qazlal
Ru
Sif Muna
Trog
Vehumet
Wu Jian
Xom
Yredelemnul
Zin


Message History

The centaur warrior shoots an arrow.
The arrow hits you!
You hear a shout!
You see here an arrow.
There is a large open door here.
Casting: Magic Dart (safe; 1% risk of failure)
Confirm with . or Enter, or press ? or * to list all spells.
Aiming: Magic Dart (safe; 1% risk of failure)
Press: ? - help, Shift-Dir - straight line, f - orc warrior
Aim: an orc warrior, wielding a +0 hand axe and wearing a +0 plate armour The magic dart hits the orc warrior but does no damage.
The centaur warrior shoots an arrow.
The arrow barely misses you.
You see here an arrow.
The centaur warrior shoots an arrow.
The arrow hits you!!
* * * LOW HITPOINT WARNING * * *
You see here an arrow.
It was a potion of degeneration.
There was something very wrong with that liquid.
You feel weakened.
You feel dopey.
You feel clumsy.
The centaur warrior shoots an arrow.
The arrow hits you!!
You die...

######........
# #.#######
#.# #.# #.#
#.# #.... #.#
#..... #.#
#......
#@##....?..
#(#.........
#.#..†.c.....
#.#.......⌠..
#.c.c......≈≈
#.oo......!≈≈
###(......⌠..
#(.........
#..........


You could see a centaur warrior and an orc warrior.

Vanquished Creatures
  A hippogriff (D:7)
  A black bear (D:8)
  2 ice beasts (D:6)
  A sky beast (D:6)
  An orc warrior (D:7)
  2 phantoms
  A necrophage (D:8)
  3 centaurs
  An ogre (D:7)
  A big kobold (D:4)
  2 bullfrogs (Sewer)
  2 scorpions
  6 killer bees (D:8)
  A crimson imp (D:5)
  A quasit (D:6)
  3 orc priests
  Crazy Yiuf (D:5)
  A bullfrog skeleton (D:5)
  4 hounds
  Terence (D:2)
  5 worker ants
  2 iguanas
  8 orc wizards
  A worker ant zombie (D:7)
  Robin (D:4)
  13 river rats
  20 adders
  2 shadow imps
  2 oozes
  3 worms
  5 dart slugs
  3 leopard geckos
  23 orcs
  8 ball pythons
  6 bats
  9 giant cockroaches
  13 goblins
  12 hobgoblins
  9 jackals
  16 kobolds
  10 quokkas
  4 frilled lizards
  45 rats
256 creatures vanquished.

Vanquished Creatures (others)
  A plant (D:4)
1 creature vanquished.

Grand Total: 257 creatures vanquished

Notes
Turn   | Place    | Note
-------+----------+-------------------------------------------
     0 | D:1      | eccles the Human Conjurer began the quest for the Orb.
     0 | D:1      | Reached XP level 1. HP: 13/13 MP: 3/3
   199 | D:1      | Reached XP level 2. HP: 18/19 MP: 0/5
   597 | D:1      | Reached XP level 3. HP: 13/25 MP: 1/6
   764 | D:1      | Learned a level 2 spell: Searing Ray
  1449 | D:2      | Reached XP level 4. HP: 28/31 MP: 4/7
  2100 | D:2      | Found a white marble altar of Elyvilon.
  2372 | D:2      | Reached skill level 5 in Conjurations
  2372 | D:2      | Reached XP level 5. HP: 35/36 MP: 4/9
  2487 | D:2      | Found a sparkling altar of Nemelex Xobeh.
  2735 | D:3      | Noticed Terence
  2954 | D:2      | Killed Terence
  2983 | D:2      | Learned a level 3 spell: Dazzling Spray
  3211 | D:3      | Reached XP level 6. HP: 18/42 MP: 0/11
  4111 | D:4      | Reached skill level 1 in Fighting
  4169 | D:4      | Found a glowing drain.
  4182 | Sewer    | Entered a sewer
  4594 | Sewer    | Reached XP level 7. HP: 48/49 MP: 1/13
  4690 | Sewer    | Reached skill level 1 in Axes
  4696 | Sewer    | Reached skill level 1 in Armour
  4696 | Sewer    | Reached skill level 6 in Conjurations
  5113 | D:4      | You fall through a shaft for 3 floors!
  5348 | D:7      | Found a burning altar of Makhleb.
  5482 | D:5      | Entered Level 5 of the Dungeon
  5998 | D:4      | Noticed Robin
  6018 | D:4      | Killed Robin
  6082 | D:4      | Reached XP level 8. HP: 56/56 MP: 2/14
  6235 | D:4      | Found a shadowy altar of Dithmenos.
  6445 | D:4      | Learned a level 4 spell: Iskenderun's Mystic Blast
  6464 | D:4      | You fall through a shaft for 3 floors!
  6464 | D:7      | Found a staircase to the Ecumenical Temple.
  6464 | D:7      | Noticed a hippogriff
  6955 | D:6      | Found a hazy altar of Hepliaklqana.
  7051 | D:5      | Reached skill level 5 in Spellcasting
  7473 | D:5      | Found a shimmering altar of Xom.
  7474 | D:5      | Found a shimmering altar of Xom.
  7474 | D:5      | Found a shimmering altar of Xom.
  7474 | D:5      | Found a shimmering altar of Xom.
  7905 | D:5      | Reached skill level 7 in Conjurations
  7995 | D:5      | Reached XP level 9. HP: 57/62 MP: 3/17
  8137 | D:5      | Found a runed translucent door.
  8138 | D:5      | Noticed Crazy Yiuf
  8148 | D:5      | Killed Crazy Yiuf
  8759 | D:4      | Found an ornate altar of the Wu Jian Council.
  8759 | D:4      | Found an iron altar of Okawaru.
  8930 | Temple   | Entered the Ecumenical Temple
  8974 | Temple   | Became a worshipper of Vehumet
  9992 | D:7      | Learned a level 4 spell: Force Lance
  9997 | D:7      | Learned a level 4 spell: Fulminant Prism
 10175 | D:7      | Killed a hippogriff
 10448 | D:8      | Reached skill level 8 in Conjurations
 10779 | D:8      | HP: 1/63 [killer bee (9)]
 11068 | D:8      | Reached XP level 10. HP: 70/70 MP: 15/20
 11100 | D:8      | Found a shattered altar of Ashenzari.
 11437 | D:8      | Found a snail-covered altar of Cheibriados.
 11519 | D:8      | Reached * piety under Vehumet
 11519 | D:8      | Offered knowledge of Flame Tongue by Vehumet.
 11524 | D:8      | Learned a level 3 spell: Conjure Flame
 11579 | D:8      | Noticed a centaur warrior
 11590 | D:8      | Shot with an arrow by a centaur warrior

Skill      XL: |  1  2  3  4  5  6  7  8  9 10 |
---------------+-------------------------------+-----
Spellcasting   | 3 4 5 6 7 |  7.2
Conjurations   | 5 6 7 8 |  8.5
Fighting       | 1 2 3 |  3.1
Axes           | 2 3 4 |  4.4
Armour         | 1 2 3 |  3.3
Dodging        | 3 |  3.9
Stealth        | 3 |  3.3
Throwing       | |  0.9
Unarmed Combat | |  0.1
Evocations     | |  0.4

Action                   |  1- 3 |  4- 6 |  7- 9 | 10-12 || total
-------------------------+-------+-------+-------+-------++-------
Melee: Unarmed           |     5 |       |       |       ||     5
       Hand axe          |       |     8 |       |       ||     8
       War axe           |       |    35 |    81 |     7 ||   123
Throw: Tomahawk          |     4 |    17 |       |       ||    21
 Cast: Magic Dart        |    81 |   136 |   237 |    29 ||   483
       Searing Ray       |     1 |    11 |    31 |     3 ||    46
       Iskenderun's Myst |       |       |     1 |       ||     1
Evoke: Wand              |       |       |     4 |       ||     4
  Use: Scroll            |     1 |     5 |    12 |     1 ||    19
       Potion            |       |       |     4 |     1 ||     5
 Stab: Distracted        |       |       |     1 |       ||     1
  Eat: Chunk             |     2 |     7 |    12 |       ||    21
       Ration            |       |     1 |     3 |       ||     4
Armor: Robe              |    16 |     9 |       |       ||    25
       Leather armour    |       |    17 |   116 |     9 ||   142
Dodge: Dodged            |    38 |    91 |   170 |    22 ||   321
